 Dungeon Crawl Stone Soup version 0.31-a0-236-g9a0961fb85 (webtiles) character file.

Game seed: 16556028895979789406

203 qw the Shooter (level 5, -10/45 HPs)
             Began as a Minotaur Hexslinger on July 10, 2023.
             Mangled by a gnoll
             ... wielding a +0 halberd
              (14 damage)
             ... on level 4 of the Dungeon.
             The game lasted 00:01:02 (2487 turns).

qw the Shooter (Minotaur Hexslinger)                Turns: 2487, Time: 00:01:03

Health: -10/45     AC:  5    Str: 12    XL:     5   Next: 51%
Magic:  5/5        EV: 12    Int: 10    God:
Gold:   139        SH:  0    Dex: 15    Spells: 5/6 levels left

rFire   . . .        Y - +2 sling
rCold   . . .        (no shield)
rNeg    . . .        d - +0 leather armour
rPois   .            (helmet restricted)
rElec   .            k - scarf {repulsion}
rCorr   .            (no gloves)
SInv    .            c - +1 pair of boots
Will    .....        (no amulet)
Stlth   +            (no ring)
HPRegen 0.27/turn    (no ring)
MPRegen 0.09/turn

%: repel missiles
@: about to teleport
A: horns 2, retaliatory headbutt
a: no special abilities


You were on level 4 of the Dungeon.
You visited 1 branch of the dungeon, and saw 4 of its levels.

You collected 139 gold pieces.


Innate Abilities, Weirdness & Mutations

You have a pair of horns on your head.
You reflexively headbutt those who attack you in melee.


   Skills:
 - Level 3.3 Fighting
 + Level 5.7 Ranged Weapons
 - Level 2.1 Dodging
 - Level 1.0 Spellcasting
 - Level 2.0 Hexes


You had 5 spell levels left.
You knew the following spells:

 Your Spells              Type           Power      Damage    Failure   Level
a - Slow                  Hex            16%        N/A       19%         1

Your spell library contained the following spells:

 Spells                   Type           Power      Damage    Failure   Level
 Inner Flame              Hex/Fire       2%         N/A       65%         3
 Portal Projectile        Hex/Tloc       4%         N/A       65%         3
 Cause Fear               Hex            2%         N/A       88%         4

Inventory:

Hand Weapons
 Y - a +2 sling (weapon)
Armour
 c - a +1 pair of boots (worn)
 d - a +0 leather armour (worn)
 k - a scarf of repulsion (worn)
Scrolls
 l - a scroll of identify
Potions
 e - a potion of enlightenment
 f - a potion of heal wounds
 g - a potion of lignification {unknown}
 i - a potion of haste {unknown}
 j - a potion of berserk rage {unknown}
 m - a potion of degeneration {unknown}
 o - a potion of might {unknown}
 p - a potion of mutation {unknown}

Dungeon Overview and Level Annotations

Branches:
Dungeon (4/15)
 Temple: D:4-7

Altars:
Ashenzari
Vehumet


Message History

The sling bullet barely misses the gnoll.
The gnoll hits you with a +0 club. The gnoll hits you but does no damage.
You shoot a sling bullet. The sling bullet hits the gnoll.
The gnoll is heavily wounded.
The gnoll barely misses you. x2
You shoot a sling bullet. The sling bullet hits the gnoll.
The gnoll is heavily wounded.
The gnoll hits you with a +0 club.
The gnoll hits you from afar with a +0 halberd!
The gnoll closely misses you.
You shoot a sling bullet. The sling bullet hits the gnoll.
The gnoll is severely wounded.
The gnoll barely misses you. The gnoll misses you.
The gnoll closely misses you. The gnoll hits you with a +0 club.
The gnoll barely misses you. x2
You shoot a sling bullet. The sling bullet hits the gnoll.
The gnoll is almost dead.
The gnoll hits you with a +0 club.
The gnoll hits you from afar with a +0 halberd.
The gnoll hits you with a +0 club.
You shoot a sling bullet. The sling bullet hits the gnoll.
You kill the gnoll!
The gnoll barely misses you. You furiously retaliate!
You headbutt the gnoll. The gnoll barely misses you.
You shoot a sling bullet.
The sling bullet barely misses the gnoll.
The gnoll misses you. The gnoll barely misses you.
You shoot a sling bullet. The sling bullet hits the gnoll.
The gnoll is heavily wounded.
The gnoll closely misses you. x2; The gnoll completely misses you.
The gnoll misses you.
You shoot a sling bullet. The sling bullet hits the gnoll.
The gnoll is severely wounded.
The gnoll hits you from afar with a +0 halberd.
The gnoll hits you with a +0 club.
2487 ||| READING scroll of teleportation.
As you read the scroll of teleportation, it crumbles to dust.
You feel strangely unstable. The gnoll hits you with a +0 club.
The gnoll hits you from afar with a +0 halberd!
You die...

........####.......#
..............#.%..#
..............#.%..#
........#=#...#....#####
........................
###+##.)..###.....#####
#....#.#.....#
#.)###o###...#####
#@)#ooo..#........
#g.###.###....####
...g.+.#g.....#
......###g.....# ##
######..........###.
....#.....#...
....#.....#.#.
...#.....#.#. #.........


You could see 4 orc wizards and 2 gnolls.

Vanquished Creatures
  3 hounds
  2 gnolls (D:4)
  2 adders
  A worm (D:2)
  2 dart slugs (D:2)
  2 orcs
  3 endoplasms
  5 hobgoblins
  5 jackals (D:1)
  5 quokkas
  8 ball pythons
  9 bats
  4 frilled lizards
  3 goblins
  4 kobolds
  9 rats
67 creatures vanquished.

Notes
Turn   | Place    | Note
-------+----------+-------------------------------------------
     0 | D:1      | qw the Minotaur Hexslinger began the quest for the Orb.
     0 | D:1      | Reached XP level 1. HP: 16/16 MP: 1/1
     0 | D:1      | 0 ||| qw: Version: 0.3-a-52-g30416fa
     0 | D:1      | 0 ||| qw: Game counter: 4525
     0 | D:1      | 0 ||| qw: Melee chars always use a shield: true
     0 | D:1      | 0 ||| qw: God list: Okawaru
     0 | D:1      | 0 ||| qw: Allow faded altars: false
     0 | D:1      | 0 ||| qw: Do Orc after clearing Dungeon:15 true
     0 | D:1      | 0 ||| qw: Do second Lair branch before Depths: true
     0 | D:1      | 0 ||| qw: Lair rune preference: random
     0 | D:1      | 0 ||| qw: Goals: Normal
     0 | D:1      | 0 ||| PLANNING D:1-11
   313 | D:1      | Reached skill level 3 in Ranged Weapons
   345 | D:1      | Reached XP level 2. HP: 23/23 MP: 2/2
   846 | D:1      | 846 ||| UPGRADING to +0 leather armour.
   856 | D:1      | 856 ||| DROPPING +0 robe.
   857 | D:1      | 857 ||| UPGRADING to scarf of repulsion.
   862 | D:1      | 862 ||| READING 2 scrolls labelled GAASTR IGUSAPA.
   865 | D:1      | 865 ||| READING scroll labelled ZAMNY YSAT.
   866 | D:1      | 866 ||| READING scroll labelled EGANEVUKLO.
   867 | D:1      | 867 ||| DRINKING 2 grey potions.
   868 | D:1      | 868 ||| DROPPING scroll of poison.
  1004 | D:2      | Reached XP level 3. HP: 29/29 MP: 3/3
  1182 | D:2      | Reached skill level 4 in Ranged Weapons
  1533 | D:2      | 1533 ||| UPGRADING to +1 pair of boots.
  1538 | D:2      | 1538 ||| READING scroll labelled XAYMIR CUZELE.
  1539 | D:2      | 1539 ||| READING scroll labelled CUIGET UWAKK.
  1540 | D:2      | 1540 ||| DRINKING 2 black potions.
  1541 | D:2      | 1541 ||| DROPPING potion of attraction.
  1569 | D:3      | 1569 ||| STAIRDANCE
  1676 | D:3      | Reached XP level 4. HP: 32/36 MP: 4/4
  1730 | D:3      | Reached skill level 5 in Ranged Weapons
  1855 | D:3      | Found a radiant altar of Vehumet.
  1987 | D:3      | Reached skill level 3 in Fighting
  1987 | D:3      | Reached XP level 5. HP: 26/45 MP: 5/5
  2210 | D:3      | Found a broken altar of Ashenzari.
  2361 | D:3      | 2361 ||| DROPPING amulet of magic regeneration.
  2362 | D:3      | 2362 ||| READING 2 scrolls labelled ZENURO VIZAL.
  2363 | D:3      | 2363 ||| READING scroll labelled WEBRYV USSYCK.
  2364 | D:3      | 2364 ||| READING scroll labelled ETEOTE XUJELIA.
  2365 | D:3      | 2365 ||| READING 2 scrolls of identify.
  2365 | D:3      | 2365 ||| IDENTIFYING fuming brown potion
  2366 | D:3      | 2366 ||| DROPPING scroll of immolation.
  2454 | D:4      | 2454 ||| DROPPING ring of magical power.
  2486 | D:4      | HP: 8/45 [gnoll/+0 halberd (5)]
  2487 | D:4      | 2487 ||| READING scroll of teleportation.
  2487 | D:4      | Mangled by a gnoll

Levels and vault maps discovered:
D:1:      wander_arrival_peaceful_grave, layout_basic
D:2:      layout_basic, item_on_display_b
D:3:      layout_basic, old_standard_altar, nicolae_ashenzari_skybound
D:4:      layout_basic, chequers_serial_rivers_small_3,
          minmay_a_box_with_orc_wizards_in_it

Skill      XL: |  1  2  3  4 |
---------------+-------------+-----
Ranged Weapons | 3 4 5 |  5.7
Fighting       | 2 3 |  3.3
Dodging        | |  2.1
Spellcasting   | |  1.0
Hexes          | |  2.0

Action                     |  1- 3 |  4- 6 || total
---------------------------+-------+-------++-------
   Fire: Sling             |   162 |    64 ||   226
    Use: Scroll            |     5 |     5 ||    10
         Potion            |     2 |       ||     2
 Armour: Robe              |    18 |       ||    18
         Leather armour    |    10 |    10 ||    20
  Dodge: Dodged            |    54 |    36 ||    90
         Repelled          |     2 |       ||     2

Table legend:
 A = Non-vault XP
 B = Vault XP
 C = Vault XP percentage of total XP
 D = Non-vault monster count
 E = Vault monster count
 F = Vault count percentage of total count
                 A         B        C        D         E       F
            +---------+---------+-------+---------+---------+-------
      Total |     290 |       0 |   0.0 |      67 |       0 |   0.0
            +---------+---------+-------+---------+---------+-------
        D:1 |      32 |       0 |   0.0 |      22 |       0 |   0.0
        D:2 |      61 |       0 |   0.0 |      26 |       0 |   0.0
        D:3 |     116 |       0 |   0.0 |      12 |       0 |   0.0
        D:4 |      81 |       0 |   0.0 |       7 |       0 |   0.0
            +---------+---------+-------+---------+---------+-------
